 Dungeon Crawl Stone Soup version 0.27.1 (webtiles) character file.

Game seed: 580751927674850972

75709 Renzlar the Blocker (level 15, 0/120 HPs)
             Began as a Gnoll Fighter on Aug 24, 2021.
             Was the Champion of Okawaru.
             Slain by a basilisk (14 damage)
             ... on level 6 of the Lair of Beasts on Aug 25, 2021.
             The game lasted 01:46:43 (26662 turns).

Renzlar the Blocker (Gnoll Fighter)                Turns: 26662, Time: 01:46:44

Health: 0/120      AC: 12    Str: 24    XL:     15   Next: 51%
Magic:  21/29      EV: 13    Int: 11    God:    Okawaru [******]
Gold:   1187       SH: 14    Dex: 12    Spells: 14/34 levels left

rFire    + . .     SeeInvis .   d - +3 scimitar (flame)
rCold    x . .     Faith    .   i - +1 kite shield
rNeg     . . .     Spirit   .   O - +0 scale mail of Dajycoid {Will+ Slay+6}
rPois    +         Reflect  .   N - +1 hat {Stlth+}
rElec    .         Harm     .   (no cloak)
rCorr    .         Rampage  .   (no gloves)
Will     ++...                  S - +1 pair of boots of the First Snow {rPois}
Stlth    ++++......             (no amulet)
HPRegen  0.30/turn              K - ring of fire
MPRegen  0.21/turn              L - +6 ring of strength

@: about to teleport
A: fangs 1, strong nose, distributed training
a: Renounce Religion, Heroism, Finesse


You were on level 6 of the Lair of Beasts.
You worshipped Okawaru.
Okawaru was exalted by your worship.
You visited 4 branches of the dungeon, and saw 21 of its levels.
You visited the Abyss 1 time.
You also visited: Ossuary, Ice Cave and Volcano.

You collected 2341 gold pieces.
You spent 1154 gold pieces at shops.

Inventory:

Hand Weapons
 a - the +5 broad axe "Kierphuno" {elec, Str+4 Int+5}
   (You acquired it on level 2 of the Dungeon)

   It occasionally discharges a powerful burst of electricity upon striking a
   foe.
   Str:       It affects your strength (+4).
   Int:       It affects your intelligence (+5).
 c - a +2 hunting sling
 d - a +3 scimitar of flaming (weapon)
 t - the +1 mace "Ydamuoru" {flame, rPois MP+9 Int+3}
   (You bought it in a shop on level 2 of the Orcish Mines)

   It burns those it strikes, dealing additional fire damage.
   Int:       It affects your intelligence (+3).
   rPois:     It protects you from poison.
   MP:        It affects your magic capacity (+9).
 F - a +4 dagger
 R - the +3 morningstar of Lyob {vorpal, +Blink Fly rCorr Dex-5}
   (You bought it in a shop on level 2 of the Orcish Mines)

   It inflicts extra damage upon your enemies.
   Dex:       It affects your dexterity (-5).
   Fly:       It grants you flight.
   +Blink:    It lets you blink.
   rCorr:     It protects you from acid and corrosion.
Missiles
 e - 361 stones
 h - 56 poisoned darts
 s - 193 sling bullets
 I - 150 bolts
 P - 4 curare-tipped darts (quivered)
Armour
 b - a +2 pair of boots of flying
 i - a +1 kite shield (worn)
 v - the +2 chain mail "Vunis" {rC++ Will- rCorr}
   (Okawaru gifted it to you on level 10 of the Dungeon)

   rC:        It greatly protects you from cold.
   rCorr:     It protects you from acid and corrosion.
   Will:      It decreases your willpower.
 N - a +1 hat of stealth (worn)
 O - the +0 scale mail of Dajycoid (worn) {Will+ Slay+6}
   (You bought it in a shop on level 8 of the Dungeon)

   Slay:      It affects your accuracy & damage with ranged weapons and melee
   (+6).
   Will:      It increases your willpower.
 S - the +1 pair of boots of the First Snow (worn) {rPois}
   (You found it on level 3 of the Lair of Beasts)

   rPois:     It protects you from poison.
Jewellery
 g - the ring of the Hare {EV+8}
   (You found it on level 12 of the Dungeon)

   [ring of evasion]

   EV:        It affects your evasion (+8).
 o - a ring of magical power
 r - a ring of ice
 u - a ring of resist corrosion
 K - a ring of fire (left hand)
 L - a +6 ring of strength (right hand)
Wands
 l - a wand of polymorph (16)
 m - a wand of iceblast (6)
 q - a wand of digging (6)
 z - a wand of mindburst (31)
 C - a wand of charming (28)
 H - a wand of acid (40)
Scrolls
 f - a scroll of amnesia
 k - 10 scrolls of teleportation
 n - 4 scrolls of fog
 x - a scroll of vulnerability
 y - a scroll of magic mapping
 A - 2 scrolls of fear
 M - 2 scrolls of identify
 T - a scroll of enchant armour
Potions
 j - 4 potions of lignification
 p - 2 potions of mutation
 w - 11 potions of curing
 B - 2 potions of invisibility
 D - 6 potions of haste
 E - 2 potions of cancellation
 G - 2 potions of heal wounds
 J - 2 potions of resistance
 Q - 2 potions of might


   Skills:
 + Level 11.8 Fighting
 + Level 10.1 Short Blades
 + Level 10.1 Long Blades
 + Level 11.0 Axes
 + Level 10.1 Maces & Flails
 + Level 10.1 Polearms
 + Level 10.1 Staves
 + Level 10.1 Slings
 + Level 10.1 Bows
 + Level 10.1 Crossbows
 + Level 10.1 Throwing
 + Level 11.8 Armour
 + Level 10.1 Dodging
 + Level 10.1 Stealth
 + Level 11.8 Shields
 + Level 10.1 Unarmed Combat
 + Level 10.1 Spellcasting
 + Level 8.5 Conjurations
 + Level 8.5 Hexes
 + Level 8.5 Summonings
 + Level 8.5 Necromancy
 + Level 8.5 Translocations
 + Level 8.5 Transmutations
 + Level 8.5 Fire Magic
 + Level 8.5 Ice Magic
 + Level 8.5 Air Magic
 + Level 8.5 Earth Magic
 + Level 8.5 Poison Magic
 + Level 10.9 Invocations
 + Level 10.1 Evocations


You had 14 spell levels left.
You knew the following spells:

 Your Spells              Type           Power      Damage    Failure   Level
a - Portal Projectile     Hex/Tloc       48%        N/A       3%          3
b - Frozen Ramparts       Ice            48%        1d6       3%          3
c - Hailstorm             Conj/Ice       24%        3d7       12%         4
d - Freezing Cloud        Conj/Ice/Air   12%        6-21      32%         5
e - Agony                 Necr           24%        N/A       32%         5

Your spell library contained the following spells:

 Spells                   Type           Power      Damage    Failure   Level
 Freeze                   Ice            96%        1d11      1%          1
 Pain                     Necr           96%        1d8       1%          1
 Passwall                 Tmut/Erth      20%        N/A       1%          2
 Slow                     Hex            24%        N/A       1%          2
 Call Canine Familiar     Summ           24%        N/A       3%          3
 Confusing Touch          Hex            24%        N/A       3%          3
 Inner Flame              Hex/Fire       36%        N/A       3%          3
 Swiftness                Air            24%        N/A       3%          3
 Vampiric Draining        Necr           12%        2d7       3%          3
 Cause Fear               Hex            12%        N/A       12%         4
 Leda's Liquefaction      Hex/Erth       12%        N/A       12%         4
 Bolt of Magma            Conj/Fire/Erth 18%        4d10      32%         5
 Excruciating Wounds      Necr           12%        N/A       32%         5
 Iskenderun's Battlesphe  Conj           24%        2d8       32%         5
 Invisibility             Hex            12%        N/A       87%         6
 Iron Shot                Conj/Erth      12%        9d3       87%         6
 Simulacrum               Ice/Necr       12%        N/A       87%         6
 Statue Form              Tmut/Erth      16%        N/A       87%         6
 Spellforged Servitor     Conj/Summ      12%        N/A       100%        7
 Discord                  Hex            12%        N/A       100%        8
 Polar Vortex             Ice            12%        N/A       100%        9


Dungeon Overview and Level Annotations

Branches:
Dungeon (12/15)            Temple (1/1) D:4            Lair (6/6) D:11
 Shoals (0/4) Lair:3       Spider (0/4) Lair:3        Slime (0/5) Lair:5
    Orc (2/2) D:10            Elf (0/3) Orc:2       Ossuary (visited)
  IceCv (visited)         Volcano (visited)

Altars:
Ashenzari
Cheibriados
Dithmenos
Elyvilon
Fedhas
Gozag
Hepliaklqana
Kikubaaqudgha
Makhleb
Nemelex Xobeh
Okawaru
Qazlal
Ru
Sif Muna
Trog
Uskayaw
Vehumet
Wu Jian
Xom
Yredelemnul
Zin
The Shining One
Beogh
Jiyva

Shops:
D:8 [   D:11 (   Orc:1 *   Orc:2 !:=(


Innate Abilities, Weirdness & Mutations

You have very sharp teeth.
Your uncanny sense of smell can sniff out nearby items.
Your experience applies equally to all skills.


Message History

The wall freezes the basilisk.
The basilisk gazes at you. You resist with almost no effort.
Unknown command.
The rime drake hisses angrily.
You slice one of the four-headed hydra's heads off!
The flame cauterises the wound!
You slash the three-headed hydra! You burn the three-headed hydra.
The three-headed hydra is severely wounded.
The wall freezes the cane toad.
The cane toad seems to slow down.
The wall freezes the three-headed hydra.
The three-headed hydra bites you but does no damage.
The three-headed hydra barely misses you.
The three-headed hydra bites you but does no damage.
The wall freezes the basilisk!
The basilisk gazes at you. You resist with almost no effort.
As you read the scroll of teleportation, it crumbles to dust.
You feel strangely unstable.
The wall freezes the cane toad.
The cane toad seems to slow down.
The cane toad stings you!
* * * LOW HITPOINT WARNING * * *
Unknown command.
Unknown command.
You feel much better.
The frozen ramparts melt away.
The three-headed hydra barely misses you.
The three-headed hydra closely misses you.
The three-headed hydra bites you.
* * * LOW HITPOINT WARNING * * *
You block the cane toad's attack. The basilisk gazes at you.
You resist with almost no effort.
Unknown command.
You hack one of the three-headed hydra's heads off!
The flame cauterises the wound!
You slash the two-headed hydra! You burn the two-headed hydra.
The two-headed hydra is almost dead.
The cane toad stings you!
* * * LOW HITPOINT WARNING * * *
The basilisk bites you!
You die...

..P## #....P....## ..
....#####..........## (.
.†...##......#P...#.##(#
.#...#.P.............(#
##.P...........##.....##
#............###......#
..............###†.....#
.#............##.#......#
...............#@l#.#...P.
#............#.FD####P....
###.........###.k. ....
.........## #.... ...
#........## #..### #..
.... .... P.#..


You could see a two-headed hydra (slow), a cane toad (slow), a basilisk (slow)
and a rime drake.

Vanquished Creatures
  An orc warlord (D:10)
  Nessos (Lair:4)
  Snorg (Orc:2)
  9 hydras
  Erolcha (D:9)
  Fannar (D:11)
  4 ogre magi (Orc:2)
  A boulder beetle (Lair:2)
  11 two-headed ogres
  4 death yaks (Lair:6)
  A hell knight (Volcano)
  Nergalle (Lair:4)
  A salamander mystic (Volcano)
  2 orc sorcerers (Orc:1)
  4 salamanders (Volcano)
  A deep elf pyromancer (D:12)
  A necromancer (IceCv)
  2 ugly things (IceCv)
  3 cyclopes
  2 manticores (D:11)
  12 elephants
  An ice statue (IceCv)
  A torpor snail (Lair:4)
  16 cane toads
  3 black mambas
  A gargoyle (D:12)
  12 komodo dragons
  2 anaconda simulacra (IceCv)
  A rime drake (Lair:6)
  An entropy weaver simulacrum (IceCv)
  2 freezing wraiths (IceCv)
  15 ice devils (IceCv)
  5 trolls
  4 polar bears
  A hornet (Lair:3)
  16 blink frogs
  3 wraiths
  4 wyverns
  2 shadows
  7 basilisks
  A dire elephant simulacrum (IceCv)
  32 yaks
  3 steam dragons
  Grum (D:10)
  5 death yak simulacra
  A warg (Orc:2)
  7 vampire mosquitoes
  3 acid dragons
  Duvessa (D:4)
  20 water moccasins
  16 orc warriors
  The ghost of willcat the Sneak, an amateur TrDe (D:9)
  A black bear (D:7)
  5 ice beasts
  23 ogres
  6 centaurs
  15 wolves
  A phantom (D:6)
  2 kobold brigands
  16 bullfrogs
  A gnoll sergeant (D:7)
  2 scorpions
  6 cane toad simulacra
  A wyvern zombie (D:7)
  Dowan (D:4)
  A two-headed ogre simulacrum (IceCv)
  A wyvern skeleton (D:7)
  4 killer bees (D:8)
  4 elephant simulacra (IceCv)
  4 wights (D:6)
  An electric eel (Lair:3)
  3 howler monkeys
  2 bullfrog zombies
  3 centaur zombies
  A jelly (D:8)
  2 gnoll shamans
  12 orc priests
  2 human zombies (Ossuary)
  An iguana (D:5)
  11 orc wizards
  3 spriggan simulacra
  2 troll simulacra
  2 wolf simulacra (IceCv)
  6 polar bear simulacra (IceCv)
  2 killer bee zombies
  2 centaur simulacra (D:9)
  A hound skeleton (D:4)
  3 mummies
  11 gnolls
  8 adders
  3 naga simulacra (D:12)
  3 white imps
  A howler monkey simulacrum (D:9)
  3 ufetubi
  An adder zombie (Ossuary)
  A worm (D:5)
  A dart slug (D:1)
  52 orcs
  4 ball pythons
  9 endoplasms
  3 giant cockroaches
  2 goblins (D:1)
  7 hobgoblins
  5 jackals
  7 quokkas
  11 bats
  2 frilled lizards (D:3)
  14 hobgoblin zombies (Ossuary)
  3 jackal zombies (Ossuary)
  12 kobolds
  4 kobold zombies (Ossuary)
  7 orc zombies (Ossuary)
  6 rats
585 creatures vanquished.

Vanquished Creatures (others)
  An orc priest (Orc:2)
  An orc (Orc:1)
  21 fungi
  32 plants
55 creatures vanquished.

Grand Total: 640 creatures vanquished

Notes
Turn   | Place    | Note
-------+----------+-------------------------------------------
     0 | D:1      | Renzlar the Gnoll Fighter began the quest for the Orb.
     0 | D:1      | Reached XP level 1. HP: 23/23 MP: 1/1
    88 | D:1      | Reached XP level 2. HP: 26/29 MP: 2/2
   523 | D:1      | Found a faded altar of an unknown god.
   533 | D:1      | Reached XP level 3. HP: 35/35 MP: 3/3
   792 | D:2      | Reached skill level 1 in Invocations
   949 | D:2      | Reached skill level 1 in Short Blades
   949 | D:2      | Reached skill level 1 in Long Blades
   949 | D:2      | Reached skill level 1 in Maces & Flails
   949 | D:2      | Reached skill level 1 in Polearms
   949 | D:2      | Reached skill level 1 in Staves
   949 | D:2      | Reached skill level 1 in Slings
   949 | D:2      | Reached skill level 1 in Bows
   949 | D:2      | Reached skill level 1 in Crossbows
   949 | D:2      | Reached skill level 1 in Throwing
   949 | D:2      | Reached skill level 1 in Dodging
   949 | D:2      | Reached skill level 1 in Stealth
   949 | D:2      | Reached skill level 1 in Unarmed Combat
   949 | D:2      | Reached skill level 1 in Spellcasting
   949 | D:2      | Reached skill level 1 in Evocations
   949 | D:2      | Reached XP level 4. HP: 31/41 MP: 5/5
  1642 | D:2      | Identified a scroll of acquirement
  1642 | D:2      | Acquired the +5 broad axe "Kierphuno" {elec, Str+4 Int+5}
  1773 | D:3      | Reached skill level 1 in Conjurations
  1773 | D:3      | Reached skill level 1 in Hexes
  1773 | D:3      | Reached skill level 1 in Summonings
  1773 | D:3      | Reached skill level 1 in Necromancy
  1773 | D:3      | Reached skill level 1 in Translocations
  1773 | D:3      | Reached skill level 1 in Transmutations
  1773 | D:3      | Reached skill level 1 in Fire Magic
  1773 | D:3      | Reached skill level 1 in Ice Magic
  1773 | D:3      | Reached skill level 1 in Air Magic
  1773 | D:3      | Reached skill level 1 in Earth Magic
  1773 | D:3      | Reached skill level 1 in Poison Magic
  2030 | D:3      | Found an ornate altar of the Wu Jian Council.
  2597 | D:4      | Reached XP level 5. HP: 47/47 MP: 6/6
  2636 | D:4      | Found a staircase to the Ecumenical Temple.
  2644 | Temple   | Entered the Ecumenical Temple
  2700 | Temple   | Became a worshipper of Warmaster Okawaru
  2728 | D:4      | Noticed an orc warrior
  2741 | D:4      | Killed an orc warrior
  2742 | D:4      | Reached XP level 6. HP: 40/53 MP: 8/8
  2839 | D:4      | Reached skill level 5 in Axes
  2996 | D:4      | Reached * piety under Okawaru
  3045 | D:4      | Noticed Duvessa
  3045 | D:4      | Noticed Dowan
  3051 | D:4      | Killed Duvessa
  3052 | D:4      | Reached XP level 7. HP: 53/59 MP: 7/10
  3053 | D:4      | Killed Dowan
  3245 | D:5      | Entered Level 5 of the Dungeon
  3337 | D:5      | Noticed a yak
  3342 | D:5      | Killed a yak
  3361 | D:5      | Noticed a yak
  3363 | D:5      | Noticed a yak
  3364 | D:5      | Noticed a yak
  3370 | D:5      | Killed a yak
  3370 | D:5      | Reached ** piety under Okawaru
  3371 | D:5      | Reached XP level 8. HP: 44/67 MP: 12/12
  3373 | D:5      | Killed a yak
  3379 | D:5      | Killed a yak
  3644 | D:5      | Noticed a two-headed ogre
  3649 | D:5      | Killed a two-headed ogre
  3649 | D:5      | Reached *** piety under Okawaru
  3650 | D:5      | Reached XP level 9. HP: 54/73 MP: 11/15
  4272 | D:5      | Found a glowing golden altar of the Shining One.
  4557 | D:6      | Received a gift from Okawaru
  4579 | D:6      | Found a sand-covered staircase.
  4588 | Ossuary  | Entered an ossuary
  5472 | D:6      | Reached skill level 5 in Invocations
  5763 | D:6      | Noticed a cyclops
  5773 | D:6      | Killed a cyclops
  5773 | D:6      | Reached **** piety under Okawaru
  5774 | D:6      | Reached XP level 10. HP: 80/80 MP: 17/17
  5835 | D:6      | Found a sparkling altar of Nemelex Xobeh.
  6113 | D:7      | Received a gift from Okawaru
  6118 | D:7      | Reached skill level 5 in Short Blades
  6118 | D:7      | Reached skill level 5 in Long Blades
  6118 | D:7      | Reached skill level 5 in Maces & Flails
  6118 | D:7      | Reached skill level 5 in Polearms
  6118 | D:7      | Reached skill level 5 in Staves
  6118 | D:7      | Reached skill level 5 in Slings
  6118 | D:7      | Reached skill level 5 in Bows
  6118 | D:7      | Reached skill level 5 in Crossbows
  6118 | D:7      | Reached skill level 5 in Throwing
  6118 | D:7      | Reached skill level 5 in Dodging
  6118 | D:7      | Reached skill level 5 in Stealth
  6118 | D:7      | Reached skill level 5 in Unarmed Combat
  6118 | D:7      | Reached skill level 5 in Spellcasting
  6118 | D:7      | Reached skill level 5 in Evocations
  7596 | D:8      | Found a sacrificial altar of Ru.
  7626 | D:8      | Found Fuuxtiwa's Armour Shoppe.
  8026 | D:8      | Found a hide-covered altar of Uskayaw.
  8281 | D:9      | Found a runed translucent gate.
  8281 | D:9      | Found a runed translucent gate.
  8281 | D:9      | Found a runed translucent gate.
  8313 | D:9      | Noticed willcat's ghost (amateur TrDe)
  8327 | D:9      | Killed willcat's ghost
  8618 | D:9      | Reached ***** piety under Okawaru
  8790 | D:9      | Found a glowing silver altar of Zin.
  8814 | D:9      | Noticed Erolcha
  8816 | D:9      | Cast into level 2 of the Abyss (Erolcha)
  8912 | D:9      | Escaped the Abyss
  8920 | D:9      | Killed Erolcha
  8921 | D:9      | Reached XP level 11. HP: 69/89 MP: 16/20
  9033 | D:9      | Noticed a two-headed ogre
  9041 | D:9      | Killed a two-headed ogre
  9042 | D:9      | Reached skill level 5 in Conjurations
  9042 | D:9      | Reached skill level 5 in Hexes
  9042 | D:9      | Reached skill level 5 in Summonings
  9042 | D:9      | Reached skill level 5 in Necromancy
  9042 | D:9      | Reached skill level 5 in Translocations
  9042 | D:9      | Reached skill level 5 in Transmutations
  9042 | D:9      | Reached skill level 5 in Fire Magic
  9042 | D:9      | Reached skill level 5 in Ice Magic
  9042 | D:9      | Reached skill level 5 in Air Magic
  9042 | D:9      | Reached skill level 5 in Earth Magic
  9042 | D:9      | Reached skill level 5 in Poison Magic
  9091 | D:9      | Found a blossoming altar of Fedhas.
  9249 | D:9      | Found a burning altar of Makhleb.
  9349 | D:9      | Received a gift from Okawaru
  9379 | D:9      | Found an ancient bone altar of Kikubaaqudgha.
  9389 | D:9      | Found a bloodstained altar of Trog.
  9447 | D:10     | Entered Level 10 of the Dungeon
  9604 | D:8      | Bought the +0 scale mail of Dajycoid {Will+ Slay+6} for 543
                  | gold pieces
  9621 | D:8      | Learned a level 3 spell: Portal Projectile
 10044 | D:10     | Learned a level 3 spell: Frozen Ramparts
 10062 | D:10     | Found a staircase to the Orcish Mines.
 10079 | D:10     | Noticed Grum
 10100 | D:10     | Killed Grum
 10463 | Orc:1    | Entered Level 1 of the Orcish Mines
 10463 | Orc:1    | Found Hixiteil's General Store.
 10470 | Orc:1    | Bought 7 curare-tipped darts for 50 gold pieces
 10652 | Orc:1    | Noticed an orc sorcerer
 10657 | Orc:1    | Noticed a soul eater
 10658 | Orc:1    | Killed an orc sorcerer
 10915 | Orc:1    | Noticed an orc warlord
 10924 | Orc:1    | Noticed an orc sorcerer
 10968 | D:10     | Killed an orc warlord
 10968 | D:10     | Identified the +2 chain mail "Vunis" {rC++ Will- rCorr}
                  | (Okawaru gifted it to you on level 10 of the Dungeon)
 10968 | D:10     | Received a gift from Okawaru
 10968 | D:10     | Reached ****** piety under Okawaru
 11191 | Orc:1    | Killed an orc sorcerer
 11492 | Orc:2    | Entered Level 2 of the Orcish Mines
 11783 | Orc:2    | Found a staircase to the Elven Halls.
 11819 | Orc:2    | Noticed a two-headed ogre
 11829 | Orc:2    | Killed a two-headed ogre
 11830 | Orc:2    | Reached XP level 12. HP: 86/96 MP: 22/22
 11884 | Orc:2    | Noticed a two-headed ogre
 11885 | Orc:2    | Noticed an ogre mage
 12055 | Orc:2    | Noticed a two-headed ogre
 12059 | Orc:1    | Killed a two-headed ogre
 12148 | Orc:1    | Killed a two-headed ogre
 12485 | Orc:2    | Paralysed by an ogre mage for 7 turns
 12498 | Orc:2    | Killed an ogre mage
 12554 | Orc:2    | Noticed a two-headed ogre
 12567 | Orc:2    | Killed a two-headed ogre
 12580 | Orc:2    | Noticed a two-headed ogre
 12748 | Orc:2    | Killed a two-headed ogre
 12886 | Orc:2    | Noticed an ogre mage
 12902 | Orc:2    | Paralysed by something for 4 turns
 13155 | Orc:2    | Killed an ogre mage
 13315 | Orc:2    | Noticed a two-headed ogre
 13322 | Orc:2    | Received a gift from Okawaru
 13325 | Orc:2    | Killed a two-headed ogre
 13326 | Orc:2    | Reached skill level 10 in Fighting
 13326 | Orc:2    | Reached skill level 10 in Armour
 13326 | Orc:2    | Reached skill level 10 in Shields
 13368 | Orc:2    | Noticed a two-headed ogre
 13372 | Orc:2    | Found Dejewoyd's Book Shoppe.
 13380 | Orc:2    | Killed a two-headed ogre
 13490 | Orc:2    | Found Pecoxig's Antique Weapon Boutique.
 13490 | Orc:2    | Found Lanek Asana's Jewellery Shoppe.
 13490 | Orc:2    | Found Hiajusu's Distillery.
 13502 | Orc:2    | Bought a bone morningstar for 297 gold pieces
 13502 | Orc:2    | Identified the +3 morningstar of Lyob {vorpal, +Blink Fly
                  | rCorr Dex-5} (You bought it in a shop on level 2 of the
                  | Orcish Mines)
 13505 | Orc:2    | Bought an iridescent mace for 264 gold pieces
 13505 | Orc:2    | Identified the +1 mace "Ydamuoru" {flame, rPois MP+9 Int+3}
                  | (You bought it in a shop on level 2 of the Orcish Mines)
 13630 | Orc:2    | Noticed an ogre mage
 13639 | Orc:2    | Killed an ogre mage
 14020 | Orc:2    | Noticed Snorg
 14031 | Orc:2    | Killed Snorg
 14040 | Orc:2    | Noticed an ogre mage
 14351 | Orc:2    | Killed an ogre mage
 14351 | Orc:2    | Identified the +0 robe of the Last Nightmares {*Corrode
                  | rElec rC++} (Okawaru gifted it to you on level 2 of the
                  | Orcish Mines)
 14351 | Orc:2    | Received a gift from Okawaru
 14352 | Orc:2    | Reached XP level 13. HP: 81/103 MP: 24/24
 15353 | D:11     | Found a staircase to the Lair.
 15437 | D:11     | Noticed Fannar
 15462 | D:11     | Killed Fannar
 15728 | D:11     | Found Jikoeseb's Antique Weapon Shop.
 15937 | D:11     | You fall into a shaft and drop 1 floor!
 15951 | D:12     | Found a frozen archway.
 15990 | IceCv    | Entered an ice cave
 17037 | IceCv    | Found an ancient bone altar of Kikubaaqudgha.
 18069 | IceCv    | Received a gift from Okawaru
 18301 | IceCv    | Received a gift from Okawaru
 18969 | D:12     | Found the ring of the Hare {EV+8}
 19103 | D:12     | Reached XP level 14. HP: 55/111 MP: 26/26
 19620 | Lair:1   | Entered Level 1 of the Lair of Beasts
 19637 | D:11     | Reached skill level 10 in Axes
 20245 | Lair:1   | Learned a level 4 spell: Hailstorm
 21198 | Lair:2   | Found a transporter.
 21200 | Lair:2   | Found a transporter.
 21224 | Lair:2   | Reached skill level 10 in Invocations
 21596 | Lair:2   | Received a gift from Okawaru
 22251 | Lair:3   | Identified the +1 pair of boots of the First Snow {rPois}
 22321 | Lair:3   | Identified the +0 pair of boots of Beauty {rF+ Will- Int+3}
                  | (Okawaru gifted it to you on level 3 of the Lair of Beasts)
 22321 | Lair:3   | Received a gift from Okawaru
 22364 | Lair:3   | Paralysed by a hornet for 3 turns
 22609 | Lair:3   | Found a hole to the Spider Nest.
 22664 | Lair:3   | Found a staircase to the Shoals.
 23308 | Lair:4   | Found an ancient bone altar of Kikubaaqudgha.
 23375 | Lair:4   | Found a dark tunnel.
 23378 | Volcano  | Entered a volcano
 24085 | Lair:4   | Noticed Nessos
 24100 | Lair:4   | Killed Nessos
 24101 | Lair:4   | Reached XP level 15. HP: 103/119 MP: 28/28
 24107 | Lair:4   | Learned a level 5 spell: Freezing Cloud
 24113 | Lair:4   | Learned a level 5 spell: Agony
 24418 | Lair:4   | Noticed Nergalle
 24428 | Lair:4   | Killed Nergalle
 25014 | Lair:5   | Identified the +1 leather armour of Fabulous Knowledge
                  | {Regen+ Int+4}
 25028 | Lair:5   | Found a staircase to the Slime Pits.
 25029 | Lair:5   | Found a viscous altar of Jiyva.
 25127 | Lair:5   | Received a gift from Okawaru
 25759 | Lair:6   | Entered Level 6 of the Lair of Beasts
 26190 | Lair:6   | Reached skill level 10 in Short Blades
 26190 | Lair:6   | Reached skill level 10 in Long Blades
 26190 | Lair:6   | Reached skill level 10 in Maces & Flails
 26190 | Lair:6   | Reached skill level 10 in Polearms
 26190 | Lair:6   | Reached skill level 10 in Staves
 26190 | Lair:6   | Reached skill level 10 in Slings
 26190 | Lair:6   | Reached skill level 10 in Bows
 26190 | Lair:6   | Reached skill level 10 in Crossbows
 26190 | Lair:6   | Reached skill level 10 in Throwing
 26190 | Lair:6   | Reached skill level 10 in Dodging
 26190 | Lair:6   | Reached skill level 10 in Stealth
 26190 | Lair:6   | Reached skill level 10 in Unarmed Combat
 26190 | Lair:6   | Reached skill level 10 in Spellcasting
 26190 | Lair:6   | Reached skill level 10 in Evocations
 26660 | Lair:6   | HP: 1/120 [cane toad (11)]
 26662 | Lair:6   | Slain by a basilisk

Illustrated notes

Levels and vault maps discovered:
D:1:      roderic_dead_forest, layout_basic, basic_ecumenical_altar,
          minmay_splitting_lines, minmay_misc_feat_diagonals
D:2:      layout_loops_ring, chequers_garden, minmay_box_of_dots
D:3:      layout_rooms, old_standard_altar, serial_co_window_serial,
          co_window_corner_a, co_window_paths_a, co_window_of_opportunity_a,
          co_window_paths_a, co_window_corner_a, co_window_broadway_a,
          co_window_broadway_a, co_window_of_opportunity_b, co_window_2corner,
          co_window_unsneaky_path_a, co_window_broadway_b, co_window_paths_c
D:4:      layout_gridville, minmay_temple_entry_water_ring, uniq_duvessa
D:5:      layout_rooms, nicolae_tso_swordbearing_angel, serial_co_window_serial,
          co_window_of_opportunity_a, co_window_paths_a,
          co_window_of_opportunity_a, co_window_corner_a, co_window_corner_a,
          co_window_corner_a, co_window_corner_a, co_window_corner_cb,
          co_window_corner_ca, co_window_paths_c, co_window_4corner_a,
          co_window_sun, glass_columns_b, minmay_small_thing
D:6:      layout_basic, nemelex_xobeh_ov_fountains_minmay,
          gup_ossuary_entry_pyramid, st_stairs_5, kb_rosetta
D:7:      layout_basic
D:8:      layout_cave_pools, mainiacjoe_overflow_alcove_2,
          nicolae_ru_path_of_blood, serial_shops, nicolae_shop_trees,
          wad_woods_river_04, dk_vineyard_3
D:9:      layout_roguey, mainiacjoe_overflow_alcove_4,
          nicolae_overflow_quartered_altars, gammafunk_ghost_icy,
          minmay_quadrilaterals, uniq_erolcha
D:10:     layout_roguey, orc_0_dummy, uniq_grum
D:11:     layout_stronghold, lair_entry_dummy, serial_shops,
          nicolae_shop_temple_entry_statues_fountains, uniq_fannar
D:12:     layout_rooms, portal_ice_cave_entry_ice_simulacra
Temple:   nicolae_temple_x_marks_the_god
Lair:1:   layout_layer_cave, minivault_11, st_stairs_5,
          chequers_serial_rivers_room_b, minmay_shattered_shrine
Lair:2:   gammafunk_boulding_lane, layout_cellular_growth
Lair:3:   layout_cave_pods, elwin_shoals_entry_rocks,
          spider_nest_entry_web_field, infiniplex_staircase_pool
Lair:4:   layout_gridlike, nicolae_volcano_entry_lava_flow, basic_altar,
          uniq_nergalle, uniq_nessos
Lair:5:   layout_hall_layers, slime_altar_1
Lair:6:   wormcave, layout_layer_cave, guppyfry_lair_end_dragon,
          grunt_megastairs_3
Orc:1:    layout_caves, serial_shops, nicolae_square_shop, basic_altar,
          nicolae_orc_jurassic_orc
Orc:2:    st_orc_ogre_mass, layout_caves, nicolae_orc_lava_tube,
          minmay_orc_temple_a, uniq_snorg

Skill      XL: |  1  2  3  4  5  6  7  8  9 10 11 12 13 14 15 |
---------------+----------------------------------------------+-----
Invocations    | 1 2 3 4 5 6 7 8 9 10 | 10.9
Short Blades   | 1 2 4 6 7 8 9 10 | 10.1
Long Blades    | 1 2 4 6 7 8 9 10 | 10.1
Maces & Flails | 1 2 4 6 7 8 9 10 | 10.1
Polearms       | 1 2 4 6 7 8 9 10 | 10.1
Staves         | 1 2 4 6 7 8 9 10 | 10.1
Slings         | 1 2 4 6 7 8 9 10 | 10.1
Bows           | 1 2 4 6 7 8 9 10 | 10.1
Crossbows      | 1 2 4 6 7 8 9 10 | 10.1
Throwing       | 1 2 4 6 7 8 9 10 | 10.1
Dodging        | 1 2 4 6 7 8 9 10 | 10.1
Stealth        | 1 2 4 6 7 8 9 10 | 10.1
Unarmed Combat | 1 2 4 6 7 8 9 10 | 10.1
Spellcasting   | 1 2 4 6 7 8 9 10 | 10.1
Evocations     | 1 2 4 6 7 8 9 10 | 10.1
Conjurations   | 1 2 3 4 5 6 7 8 |  8.5
Hexes          | 1 2 3 4 5 6 7 8 |  8.5
Summonings     | 1 2 3 4 5 6 7 8 |  8.5
Necromancy     | 1 2 3 4 5 6 7 8 |  8.5
Translocations | 1 2 3 4 5 6 7 8 |  8.5
Transmutations | 1 2 3 4 5 6 7 8 |  8.5
Fire Magic     | 1 2 3 4 5 6 7 8 |  8.5
Ice Magic      | 1 2 3 4 5 6 7 8 |  8.5
Air Magic      | 1 2 3 4 5 6 7 8 |  8.5
Earth Magic    | 1 2 3 4 5 6 7 8 |  8.5
Poison Magic   | 1 2 3 4 5 6 7 8 |  8.5
Axes           | 5 6 7 8 9 10 11 | 11.0
Fighting       | 7 8 9 10 11 | 11.8
Armour         | 7 8 9 10 11 | 11.8
Shields        | 7 8 9 10 11 | 11.8

Action                   |  1- 3 |  4- 6 |  7- 9 | 10-12 | 13-15 || total
-------------------------+-------+-------+-------+-------+-------++-------
Melee: War axe           |   103 |    30 |       |       |       ||   133
       Bite              |     8 |    10 |    17 |    35 |    65 ||   135
       Broad axe         |       |    66 |   152 |   318 |   414 ||   950
       Dagger            |       |       |       |     2 |     2 ||     4
       Falchion          |       |       |       |       |    25 ||    25
       Scimitar          |       |       |       |       |     8 ||     8
       Mace              |       |       |       |       |     3 ||     3
 Fire: Hunting sling     |     6 |       |     2 |   242 |   570 ||   820
Throw: Stone             |       |       |       |     3 |       ||     3
       Dart              |       |       |       |     9 |     2 ||    11
 Cast: Frozen Ramparts   |       |       |       |       |    23 ||    23
       Hailstorm         |       |       |       |       |     3 ||     3
       Freezing Cloud    |       |       |       |       |     1 ||     1
Invok: Heroism           |       |     1 |     2 |     3 |     1 ||     7
Evoke: Wand              |       |       |     2 |       |       ||     2
  Use: Scroll            |       |    13 |     7 |     7 |    14 ||    41
       Potion            |       |     1 |       |       |     2 ||     3
 Stab: Sleeping          |       |       |       |       |     3 ||     3
Armor: Scale mail        |    51 |    27 |       |    37 |   111 ||   226
       Chain mail        |       |     2 |    59 |   104 |       ||   165
Dodge: Dodged            |    30 |    27 |    41 |   142 |   223 ||   463
Block: Kite shield       |    72 |    56 |    80 |   268 |   320 ||   796
